 Dungeon Crawl Stone Soup version 0.30.0-10-gfe55d96785 (webtiles) character file.

Game seed: 8645276746916640615

2362 Byczy the Thaumaturge (level 9, -4/46 HPs)
             Began as a Deep Elf Fire Elementalist on May 15, 2023.
             Was an Initiate of Vehumet.
             Slain by a wyvern (9 damage)
             ... on level 7 of the Dungeon.
             The game lasted 00:43:49 (5546 turns).

Byczy the Thaumaturge (Deep Elf Fire Elementalist)  Turns: 5546, Time: 00:43:50

Health: -4/46      AC:  6    Str: 10    XL:     9   Next: 21%
Magic:  2/24       EV: 14    Int: 25    God:    Vehumet [......]
Gold:   69         SH:  0    Dex: 20    Spells: 17/27 levels left

rFire   + . .        A - +11 short sword of Mourning {venom, Will- Str+5}
rCold   x . .        (no shield)
rNeg    . . .        a - +0 robe
rPois   .            F - +2 helmet
rElec   .            (no cloak)
rCorr   .            u - +0 pair of gloves of Warium {Fly Dex+5}
SInv    .            (no boots)
Will    .....        E - amulet of regeneration
Stlth   +++          b - ring of fire
HPRegen 1.07/turn    (no ring)
MPRegen 0.19/turn

%: no passive effects
@: flying
A: no striking features
a: Renounce Religion


You were on level 7 of the Dungeon.
You worshipped Vehumet.
Vehumet was noncommittal.
You visited 2 branches of the dungeon, and saw 8 of its levels.

You collected 399 gold pieces.
You spent 330 gold pieces at shops.

Inventory:

Hand Weapons
 h - a +0 dagger
 p - a +0 whip of pain
 v - a +0 quarterstaff
 x - a +3 quarterstaff of chaos
 A - the +11 short sword of Mourning (weapon) {venom, Will- Str+5}
   (You found it on level 5 of the Dungeon)

   Str:       It affects your strength (+5).
   Will:      It decreases your willpower.
 G - a +3 shortbow
 K - a +3 spear of freezing
 L - a +1 vampiric dagger
Armour
 a - a +0 robe (worn)
 r - a +0 buckler
 u - the +0 pair of gloves of Warium (worn) {Fly Dex+5}
   (You found it on level 3 of the Dungeon)

   Dex:       It affects your dexterity (+5).
   Fly:       It grants you flight.
 y - a +0 cloak
 F - a +2 helmet (worn)
Jewellery
 b - a ring of fire (left hand)
 E - an amulet of regeneration (around neck)
Wands
 B - a wand of paralysis (9)
 I - a wand of polymorph (9)
 N - a wand of flame (7)
Scrolls
 c - a scroll of identify
 e - 3 scrolls of poison
 g - 3 scrolls of teleportation
 j - a scroll of fog {unknown}
 k - a scroll of fear {unknown}
 l - a scroll of enchant weapon {unknown}
 m - a scroll of immolation {unknown}
 o - a scroll of enchant armour {unknown}
 q - a scroll of brand weapon {unknown}
 z - a scroll of torment {unknown}
 C - a scroll of vulnerability {unknown}
 D - a scroll of noise {unknown}
 J - a scroll of magic mapping {unknown}
 M - a scroll of silence {unknown}
Potions
 d - 3 potions of berserk rage
 i - a potion of might
 n - a potion of brilliance {unknown}
 s - a potion of flight {unknown}
 t - 3 potions of haste
 w - a potion of degeneration {unknown}
 H - a potion of ambrosia {unknown}


   Skills:
 + Level 0.9 Fighting
 + Level 4.1 Dodging
 + Level 3.4 Stealth
 + Level 1.1 Unarmed Combat
 + Level 9.7 Spellcasting
 + Level 5.8 Conjurations
 + Level 0.1 Summonings
 + Level 8.9 Fire Magic


You had 17 spell levels left.
You knew the following spells:

 Your Spells              Type           Power      Damage    Failure   Level
a - Foxfire               Conj/Fire      100%       2x1d9     1%          1
b - Scorch                Fire           100%       2d9       1%          2
c - Flame Wave            Conj/Fire      65%        2d15      2%          4
d - Call Canine Familiar  Summ           13%        N/A       14%         3

Your spell library contained the following spells:

 Spells                   Type           Power      Damage    Failure   Level
 Inner Flame              Hex/Fire       51%        N/A       2%          3
 Volatile Blastmotes      Fire/Tloc      100%       2d18      2%          3
 Beastly Appendage        Tmut           24%        N/A       4%          1
 Summon Small Mammal      Summ           52%        N/A       4%          1
 Ensorcelled Hibernation  Hex/Ice        24%        N/A       8%          2
 Lesser Beckoning         Tloc           24%        N/A       8%          2
 Passwall                 Tmut/Erth      10%        N/A       8%          2
 Wereblood                Tmut           12%        N/A       8%          2
 Summon Guardian Golem    Hex/Summ       12%        N/A       14%         3
 Gell's Gravitas          Tloc           12%        N/A       16%         3
 Spider Form              Tmut/Pois      12%        N/A       16%         3
 Swiftness                Air            12%        N/A       16%         3
 Teleport Other           Tloc           12%        N/A       16%         3
 Summon Ice Beast         Ice/Summ       12%        N/A       43%         4
 Summon Mana Viper        Hex/Summ       12%        N/A       80%         5
 Monstrous Menagerie      Summ           6%         N/A       100%        7


Dungeon Overview and Level Annotations

Branches:
Dungeon (7/15)             Temple (1/1) D:6

Altars:
Ashenzari
Cheibriados
Dithmenos
Elyvilon
Fedhas
Gozag
Hepliaklqana
Kikubaaqudgha
Makhleb
Nemelex Xobeh
Okawaru
Qazlal
Ru
Sif Muna
Trog
Uskayaw
Vehumet
Wu Jian
Xom
Zin
The Shining One

Shops:
D:1 :   D:3 (   D:4 [   D:6 :*!

Annotations:
Temple 2 transporters


Message History

Casting: Scorch (safe; 1% risk of failure)
Confirm with . or Enter, or press ? or * to list all spells.
You feel a surge of power!
Flames lash the wyvern.
The wyvern is moderately wounded.
The wyvern's fire resistance burns away.
The wyvern bites you!
* * * LOW HITPOINT WARNING * * *
Your hound barely misses the wyvern.
The wyvern completely misses you.
Casting: Scorch (safe; 1% risk of failure)
Confirm with . or Enter, or press ? or * to list all spells.
You don't know that spell.
Casting: Scorch (safe; 1% risk of failure)
Confirm with . or Enter, or press ? or * to list all spells.
You don't know that spell.
Casting: Scorch (safe; 1% risk of failure)
Confirm with . or Enter, or press ? or * to list all spells.
You feel a surge of power!
Flames lash the centaur.
The centaur is severely wounded.
The centaur's fire resistance burns away.
The centaur shoots an arrow.
The arrow hits your hound!
Your hound dies!
Your hound's corpse disappears in a puff of smoke!
The wyvern bites you but does no damage.
Unknown command.
Casting: Scorch (safe; 1% risk of failure)
Confirm with . or Enter, or press ? or * to list all spells.
You feel a surge of power!
Flames lash the wyvern.
The wyvern is burned terribly!
The wyvern is severely wounded.
The wyvern barely misses you. x2
Casting: Scorch (safe; 1% risk of failure)
Confirm with . or Enter, or press ? or * to list all spells.
You feel a surge of power!
Flames lash the centaur.
The centaur is burned terribly!
The centaur is almost dead.
The centaur unwields a +0 shortbow.
The centaur hits you.
* * * LOW HITPOINT WARNING * * *
The centaur kicks you but does no damage.
The wyvern bites you!
You die...

.......# ######.####
### ## #.##.. ..# .#
## #.##.# #.# .# ##
##.##.# #.# .# ###
#...#.###.####.##...#
#.#.................#
#...#.###.###$.......
#####.# #!..@l#......
#.# #####c§...... #.#
##..#...# #.# ##.....
..# .#.# ### .# #


You could see a wyvern (combustible) and a centaur (combustible).

Vanquished Creatures
  The ghost of Elsvaer the Magician, a novice DECj (D:5)
  A steam dragon (D:7)
  A sky beast (D:6)
  2 ogres (D:6)
  2 centaurs
  A phantom (D:6)
  2 bullfrogs
  2 scorpions
  5 wights (D:7)
  4 howler monkeys (D:7)
  3 hounds
  An orc priest (D:6)
  A water moccasin simulacrum (D:5)
  4 jellies
  Crazy Yiuf (D:4)
  3 iguanas
  An orc wizard (D:7)
  3 centaur simulacra (D:5)
  A scorpion simulacrum (D:5)
  A mummy (D:7)
  4 gnolls (D:4)
  14 adders
  2 hound simulacra (D:5)
  A shadow imp (D:7)
  2 white imps (D:5)
  An ufetubus (D:4)
  A worm (D:2)
  5 orcs
  6 bats
  8 endoplasms
  A giant cockroach (D:1)
  7 goblins
  5 hobgoblins
  8 jackals
  2 quokkas (D:1)
  7 ball pythons
  5 frilled lizards
  7 kobolds
  5 rats (D:2)
131 creatures vanquished.

Vanquished Creatures (others)
  381 foxfires
381 creatures vanquished.

Grand Total: 512 creatures vanquished

Notes
Turn   | Place    | Note
-------+----------+-------------------------------------------
     0 | D:1      | Byczy the Deep Elf Fire Elementalist began the quest for
                  | the Orb.
     0 | D:1      | Reached XP level 1. HP: 10/10 MP: 6/6
    14 | D:1      | Found Zaprylucwu's Book Shoppe.
    94 | D:1      | Reached XP level 2. HP: 11/15 MP: 1/8
   539 | D:1      | Reached XP level 3. HP: 19/19 MP: 6/9
  1190 | D:2      | Reached XP level 4. HP: 24/24 MP: 7/11
  1195 | D:2      | Learned a level 2 spell: Scorch
  1793 | D:3      | Found Woarghi's Antique Weapon Shoppe.
  1796 | D:3      | Identified the +0 pair of gloves of Warium {Fly Dex+5}
  1818 | D:3      | Bought a quarterstaff for 88 gold pieces
  1875 | D:3      | Noticed a scorpion
  1881 | D:3      | Killed a scorpion
  1882 | D:3      | Reached skill level 1 in Unarmed Combat
  1882 | D:3      | Reached XP level 5. HP: 28/28 MP: 6/12
  2083 | D:4      | Reached skill level 5 in Fire Magic
  2154 | D:4      | Reached skill level 4 in Spellcasting
  2305 | D:4      | Found a runed translucent door.
  2306 | D:4      | Noticed Crazy Yiuf
  2312 | D:4      | Killed Crazy Yiuf
  2517 | D:4      | Reached XP level 6. HP: 32/32 MP: 11/14
  2690 | D:4      | Found Heisar's Armour Shoppe.
  3040 | D:4      | Found a faded altar of an unknown god.
  3040 | D:4      | Found a faded altar of an unknown god.
  3149 | D:4      | Found an ornate altar of the Wu Jian Council.
  3168 | D:4      | Found a bloodstained altar of Trog.
  3169 | D:4      | Found a sparkling altar of Nemelex Xobeh.
  3259 | D:5      | Entered Level 5 of the Dungeon
  3270 | D:5      | Identified the +11 short sword of Mourning {venom, Will-
                  | Str+5}
  3303 | D:5      | Found a runed translucent gate.
  3303 | D:5      | Found a runed translucent gate.
  3303 | D:5      | Found a runed translucent gate.
  3306 | D:5      | Reached skill level 5 in Spellcasting
  3311 | D:5      | Reached XP level 7. HP: 28/36 MP: 8/17
  3519 | D:5      | Reached skill level 6 in Spellcasting
  3526 | D:5      | Learned a level 4 spell: Flame Wave
  3658 | D:5      | Found an iron altar of Okawaru.
  3838 | D:5      | Noticed Elsvaer's ghost (novice DECj)
  3882 | D:5      | Killed Elsvaer's ghost
  3883 | D:5      | Reached skill level 7 in Spellcasting
  3883 | D:5      | Reached XP level 8. HP: 14/41 MP: 13/20
  4233 | D:6      | Reached skill level 8 in Spellcasting
  4451 | D:6      | Reached skill level 5 in Conjurations
  4537 | D:6      | Found Ytanegosm's Book Emporium.
  4548 | D:6      | Bought a book of Callings for 200 gold pieces
  4551 | D:6      | Found Licosaba's Assorted Antiques.
  4696 | D:6      | Found a staircase to the Ecumenical Temple.
  4702 | Temple   | Entered the Ecumenical Temple
  4702 | Temple   | Found a transporter.
  4702 | Temple   | Found a transporter.
  4704 | Temple   | Found a transporter.
  4704 | Temple   | Found a transporter.
  4734 | Temple   | Became a worshipper of Vehumet
  4797 | D:6      | Found Kumoidash's Distillery.
  4802 | D:6      | Bought a potion of curing for 42 gold pieces
  5037 | D:7      | Reached skill level 9 in Spellcasting
  5040 | D:7      | Reached XP level 9. HP: 34/46 MP: 15/24
  5159 | D:7      | Found a sacrificial altar of Ru.
  5461 | D:7      | Found a snail-covered altar of Cheibriados.
  5498 | D:7      | Learned a level 3 spell: Call Canine Familiar
  5546 | D:7      | Slain by a wyvern

Illustrated notes

Levels and vault maps discovered:
D:1:      amcnicky_arrival_blooded_trapdoor, layout_loops_cross, serial_shops,
          shop, supply_closet_lemuel, moated_statue, minmay_misc_feat_tiny,
          minmay_heptomino_h4
D:2:      layout_rooms, minmay_liquid_box
D:3:      layout_rooms, serial_shops, shop, minmay_misc_feat_rows
D:4:      layout_basic, chequers_temple_overflow_minitemple, serial_shops,
          nicolae_shop_getting_attention, chequers_serial_rivers_large_a,
          uniq_crazy_yiuf_cottage
D:5:      layout_rooms, kennysheep_okawaru_gauntlet, gammafunk_ghost_icy
D:6:      layout_loops_ring, minmay_temple_entry_proselytizer, serial_shops,
          nicolae_shop_just_a_little_nook, nicolae_shop_stone,
          nicolae_diamond_shop
D:7:      layout_loops_ring, nicolae_ru_great_annihilating_truth, slow_altar_1,
          nicolae_sextant, kennysheep_generic_room_8
Temple:   hellmonk_temple_divided_pantheon

Skill      XL: |  1  2  3  4  5  6  7  8 |
---------------+-------------------------+-----
Fire Magic     | 4 5 6 7 8 |  8.9
Conjurations   | 2 3 4 5 |  5.8
Unarmed Combat | 1 |  1.1
Spellcasting   | 4 5 7 9 |  9.7
Dodging        | 3 4 |  4.1
Stealth        | 3 |  3.4
Fighting       | |  0.9
Summonings     | |  0.1

Action                     |  1- 3 |  4- 6 |  7- 9 || total
---------------------------+-------+-------+-------++-------
  Melee: Unarmed           |     4 |       |       ||     4
         Quarterstaff      |       |     5 |       ||     5
         Short sword       |       |       |     1 ||     1
   Cast: Foxfire           |    57 |    67 |   109 ||   233
         Scorch            |       |    20 |    15 ||    35
         Flame Wave        |       |       |     3 ||     3
         Call Canine Famil |       |       |     3 ||     3
    Use: Potion            |       |       |     6 ||     6
         Scroll            |       |       |     5 ||     5
 Armour: Robe              |     2 |     4 |    11 ||    17
  Dodge: Dodged            |    17 |     9 |    41 ||    67
